 Dungeon Crawl Stone Soup version 0.29.1-1-gd02db6906a (webtiles) character file.

Game seed: 3054033523361492502

166 Godmorgon the Conjurer (level 5, -5/28 HPs)
             Began as a Tengu Conjurer on Oct 14, 2022.
             Slain by Prince Ribbit (12 damage)
             ... on level 5 of the Dungeon.
             The game lasted 00:11:35 (3423 turns).

Godmorgon the Conjurer (Tengu Conjurer)             Turns: 3423, Time: 00:11:36

Health: -5/28      AC:  5    Str:  7    XL:     5   Next: 47%
Magic:  2/10       EV: 14    Int: 20    God:
Gold:   121        SH:  0    Dex: 13    Spells: 6/9 levels left

rFire   . . .      SeeInvis .   b - +0 dagger
rCold   . . .      Faith    .   (no shield)
rNeg    . . .      Spirit   .   n - +2 leather armour of Voiss {rPois}
rPois   +          Reflect  .   (helmet restricted)
rElec   .          Harm     .   u - scarf {repulsion}
rCorr   +          Rampage  .   (no gloves)
Will    .....                   (boots unavailable)
Stlth   ++........              (no amulet)
HPRegen 0.09/turn               j - ring of resist corrosion
MPRegen 0.12/turn               (no ring)

@: flying quickly and evasively, repel missiles, quick
A: beak, talons 3, nimble flight
a: no special abilities


You were on level 5 of the Dungeon.
You visited 1 branch of the dungeon, and saw 6 of its levels.

You collected 121 gold pieces.

Inventory:

Hand Weapons
 a - a +0 sling
 b - a +0 dagger (weapon)
Missiles
 g - 6 poisoned darts
 t - 2 atropa-tipped darts
 w - 6 boomerangs
Armour
 n - the +2 leather armour of Voiss (worn) {rPois}
   (You found it on level 2 of the Dungeon)

   rPois:     It protects you from poison.
 u - a scarf of repulsion (worn)
Jewellery
 j - a ring of resist corrosion (left hand)
Wands
 s - a wand of flame (10)
Scrolls
 h - a scroll of immolation {unknown}
 i - a scroll of fear {unknown}
 o - a scroll of amnesia {unknown}
 q - a scroll of noise {unknown}
 r - 2 scrolls of butterflies {unknown}
 v - a scroll of blinking {unknown}
Potions
 c - a potion of degeneration {unknown}
 d - a potion of resistance {unknown}
 e - a potion of curing
 f - a potion of magic
 k - 2 potions of flight
 l - a potion of attraction {unknown}
 m - a potion of lignification {unknown}
 p - a potion of heal wounds {unknown}


   Skills:
 * Level 1.9 Armour
 * Level 3.1 Dodging
 - Level 2.0 Stealth
 + Level 2.9 Spellcasting
 * Level 7.0 Conjurations


You had 6 spell levels left.
You knew the following spells:

 Your Spells              Type           Power      Damage    Failure   Level
d - Magic Dart            Conj           100%       1d8       1%          1
s - Searing Ray           Conj           62%        2d6       1%          2

Your spell library contained the following spells:

 Spells                   Type           Power      Damage    Failure   Level
 Dazzling Flash           Conj/Hex       34%        N/A       14%         3
 Fulminant Prism          Conj/Hex       8%         3d7       43%         4
 Iskenderun's Mystic Bla  Conj/Tloc      17%        2d5       43%         4
 Ozocubu's Armour         Ice            2%         N/A       54%         3
 Metabolic Englaciation   Hex/Ice        1%         N/A       99%         5
 Simulacrum               Ice/Necr       1%         N/A       100%        6


Dungeon Overview and Level Annotations

Branches:
Dungeon (6/15)
 Temple: D:4-7

Altars:
Kikubaaqudgha
Ru

Annotations:
D:5 Prince Ribbit


Innate Abilities, Weirdness & Mutations

You have a beak for a mouth.
You have claws for feet.
Your magical nature lets you fly swiftly and evasively.


Message History

Casting: Searing Ray (safe; 1% risk of failure)
Confirm with . or Enter, or press ? or * to list all spells.
Aiming: Searing Ray (safe; 1% risk of failure)
Press: ? - help, Shift-Dir - straight line, f - Prince Ribbit
Aim: Prince Ribbit (63% to hit)
The searing ray hits Prince Ribbit!
Prince Ribbit is moderately wounded. (Press . to maintain the ray.) Prince Ribbit blinks!
Casting: Searing Ray (safe; 1% risk of failure)
Confirm with . or Enter, or press ? or * to list all spells.
Aiming: Searing Ray (safe; 1% risk of failure)
Press: ? - help, Shift-Dir - straight line, f/p - Prince Ribbit
Aim: Prince Ribbit (moderately wounded, 63% to hit)
The searing ray misses Prince Ribbit. (Press . to maintain the ray.) Prince Ribbit hits you!
The searing ray misses Prince Ribbit.
Prince Ribbit hits you!
Ouch! That really hurt!
* * * LOW HITPOINT WARNING * * *
You feel better. Prince Ribbit completely misses you. Prince Ribbit misses you.
Casting: Searing Ray (safe; 1% risk of failure)
Confirm with . or Enter, or press ? or * to list all spells.
Aiming: Searing Ray (safe; 1% risk of failure)
Press: ? - help, Shift-Dir - straight line, f/p - Prince Ribbit
Aim: Prince Ribbit (moderately wounded, 63% to hit)
The searing ray hits Prince Ribbit!
Prince Ribbit is heavily wounded. (Press . to maintain the ray.) Prince Ribbit barely misses you.
The searing ray hits Prince Ribbit!
Prince Ribbit is severely wounded.
Prince Ribbit hits you.
* * * LOW HITPOINT WARNING * * *
Prince Ribbit sighs, "It's not easy being green!"
Prince Ribbit barely misses you.
The searing ray hits Prince Ribbit.
Prince Ribbit is severely wounded.
Prince Ribbit hits you!
You die...

####...........#***.,****,,,,,,*
##...........###..** *,,,,,***
###................** **,,,,,**,
.##..............#,,****,,,,,,,,,
...............##*,,,,.,,,,,,,,,,
....##..###.....#**,,...,,,,,,,,,
....##........#.##*,....,,,,,,,,,
....###..#...###F##.....,,,,,,,,,
##### ##########@.......,,,,,,**,
#...##....,,,,,,,,,
#>.##*,,##*,,,,,,,, ***** ***#..#
*,,* **,,,,,,* *,,,***
**,*..##**,,***,,,,,,,,
*,,,+,****,,....,*,,,,,,,***,,,,
*,,,**,,*,,....#,,,,,,,,,***,,,,
********,*..#...,,,,,,*,,,*,,,**
**♣♣♣##..,**,,***,,,,,**


You could see Prince Ribbit.

Vanquished Creatures
  A hound (D:5)
  A jelly (D:5)
  Terence (D:3)
  A gnoll (D:5)
  2 adders
  A worm (D:2)
  A dart slug (D:3)
  3 orcs (D:3)
  3 bats
  6 endoplasms
  A giant cockroach (D:2)
  6 goblins
  2 hobgoblins
  5 ball pythons
  7 frilled lizards
  3 kobolds
  5 rats
49 creatures vanquished.

Notes
Turn   | Place    | Note
-------+----------+-------------------------------------------
     0 | D:1      | Godmorgon the Tengu Conjurer began the quest for the Orb.
     0 | D:1      | Reached XP level 1. HP: 10/10 MP: 4/4
   281 | D:1      | Reached XP level 2. HP: 15/15 MP: 3/6
   284 | D:1      | Learned a level 2 spell: Searing Ray
   547 | D:1      | Found a faded altar of an unknown god.
   951 | D:2      | Reached skill level 6 in Conjurations
  1302 | D:2      | Identified the +2 leather armour of Voiss {rPois}
  1486 | D:2      | Reached XP level 3. HP: 19/19 MP: 4/7
  2464 | D:3      | Found an ancient bone altar of Kikubaaqudgha.
  2467 | D:3      | Noticed Terence
  2488 | D:3      | Killed Terence
  2489 | D:3      | Reached XP level 4. HP: 12/24 MP: 0/9
  2720 | D:3      | Reached skill level 1 in Armour
  2810 | D:3      | Found a sacrificial altar of Ru.
  3169 | D:5      | Entered Level 5 of the Dungeon
  3174 | D:5      | Gained mutation: Your magical nature lets you fly swiftly
                  | and evasively. [Tengu growth]
  3174 | D:5      | Reached XP level 5. HP: 28/28 MP: 4/10
  3182 | D:5      | Reached skill level 7 in Conjurations
  3407 | D:5      | Noticed Prince Ribbit
  3423 | D:5      | Slain by Prince Ribbit

Illustrated notes

Levels and vault maps discovered:
D:1:      dpeg_arrival_subterranean_lakeside_camping, layout_loops_ring,
          shapermc_ecumenical_altar_hornbeckon, minmay_distorted
D:2:      wander_river, layout_basic, minmay_lizard_pond
D:3:      layout_loops_ring, mainiacjoe_overflow_six_doors_small,
          mainiacjoe_overflow_concentric_impassable, uniq_terence
D:4:      layout_basic, amcnicky_altar_gilded
D:5:      layout_layer_cave, mainiacjoe_overflow_brackets,
          nicolae_shop_self_help, uniq_eustachio, uniq_ijyb,
          uniq_crazy_yiuf_cottage, uniq_prince_ribbit1
D:6:      kennysheep_slugbush, layout_layer_cave, grunt_ashenzari_visionary
          [grunt_ashenzari_visionary_swamp, grunt_ashenzari_visionary_spider],
          yredelemnul_altar_generic, nicolae_qazlal_scattered_showers,
          kennysheep_decorative_pillar, uniq_blork_the_orc

Skill      XL: |  1  2  3  4  5 |
---------------+----------------+-----
Conjurations   | 6 7 |  7.0
Armour         | 1 |  1.9
Dodging        | 3 |  3.1
Stealth        | |  2.0
Spellcasting   | |  2.9

Action                   |  1- 3 |  4- 6 || total
-------------------------+-------+-------++-------
Melee: Dagger            |     6 |       ||     6
       Kick              |     3 |       ||     3
       Peck              |     2 |       ||     2
 Fire: Sling             |     6 |       ||     6
 Cast: Magic Dart        |    13 |     5 ||    18
       Searing Ray       |    26 |    11 ||    37
  Use: Scroll            |       |     5 ||     5
       Potion            |       |     1 ||     1
Armor: Leather armour    |     1 |     1 ||     2
Dodge: Dodged            |    12 |     9 ||    21
       Repelled          |       |     1 ||     1
